 Seeded DCSS version 0.29-a0-982-gaed3a0c (webtiles) character file.

Game seed: 7388799761823775587 (custom seed)

135106 PurpleRed the Warrior (level 17, -1/172 HPs)
             Began as a Ghoul Berserker on Aug 1, 2022.
             Was a Priest of Uskayaw.
             Slain by a +1 glaive of protection (28 damage)
             ... animated by Zenata
             ... on level 1 of the Elven Halls.
             The game lasted 01:32:07 (21087 turns).

PurpleRed the Warrior (Ghoul Berserker)            Turns: 21087, Time: 01:32:07

Health: -1/172     AC: 29    Str: 31    XL:     17   Next: 18%
Magic:  13/19      EV: 18    Int:  3    God:    Uskayaw [***...]
Gold:   1240       SH:  0    Dex:  8    Spells: 16/16 levels left

rFire   + . .      SeeInvis +   a - +5 battleaxe (vamp)
rCold   + + .      Faith    .   (shield currently unavailable)
rNeg    + + +      Spirit   .   p - +9 storm dragon scales of Lac Anux {Fly rElec Will+ SInv}
rPois   ∞          Reflect  .   Q - +0 hat
rElec   +          Harm     .   R - scarf {rC+ rF+}
rCorr   .          Rampage  .   E - +2 pair of gloves {Str+3}
Will    ++...                   F - +2 pair of boots
Stlth   ..........              y - amulet of regeneration
HPRegen 0.00/turn               e - +4 ring of evasion
MPRegen 0.16/turn               l - +4 ring of evasion

@: flying, inhibited regen, studying Unarmed Combat
A: claws 1, cold resistance 1, negative energy resistance 3, inhibited
regeneration, torment resistance 2, devour on kill
a: Renounce Religion, Stomp, Line Pass


You were on level 1 of the Elven Halls.
You worshipped Uskayaw.
Uskayaw was noncommittal.
You visited 5 branches of the dungeon, and saw 25 of its levels.
You visited 1 bazaar.
You also visited: Ice Cave and Volcano.

You collected 2305 gold pieces.
You spent 1065 gold pieces at shops.

Inventory:

Hand Weapons
 a - a +5 vampiric battleaxe (weapon)
 b - a +2 broad axe of flaming
 c - the +8 hand axe "Lebun" {venom, Will++ Int+4}
   (You found it on level 6 of the Dungeon)

   It poisons the flesh of those it strikes.
   Int:       It affects your intelligence (+4).
   Will:      It greatly increases your willpower.
 j - a +1 vorpal executioner's axe
 C - the +5 demon whip "Spellbinder" {antimagic, Will+}
   (You found it on level 5 of the Lair of Beasts)

   It reduces the magical energy of the wielder, and disrupts the spells and
   magical abilities of those it strikes.
   Natural abilities and divine invocations are not affected.
   It unleashes wild and unpredictable magical effects upon striking a wizard or
   a creature with magical abilities.
   Will:      It increases your willpower.
 O - a +5 battleaxe of freezing
 P - a +3 vorpal battleaxe
Missiles
 M - 2 curare-tipped darts
 V - 3 throwing nets (quivered)
Armour
 p - the +9 storm dragon scales of Lac Anux (worn) {Fly rElec Will+ SInv}
   (You acquired it on level 2 of the Dungeon)

   rElec:     It insulates you from electricity.
   SInv:      It lets you see invisible.
   Fly:       It grants you flight.
   Will:      It increases your willpower.
 A - a +2 crystal plate armour of cold resistance
 E - a +2 pair of gloves of strength (worn)
 F - a +2 pair of boots (worn)
 Q - a +0 hat (worn)
 R - a scarf of resistance (worn)
Jewellery
 e - a +4 ring of evasion (left hand)
 i - a ring of willpower
 l - a +4 ring of evasion (right hand)
 w - the ring of Asiery {MP+9 Str+3 Dex+4 Slay+3}
   (You acquired it on level 4 of the Lair of Beasts)

   [ring of magical power]

   Str:       It affects your strength (+3).
   Dex:       It affects your dexterity (+4).
   Slay:      It affects your accuracy & damage with ranged weapons and melee
   (+3).
   MP:        It affects your magic capacity (+9).
 y - an amulet of regeneration (around neck)
 H - a +6 ring of dexterity
 L - the ring "Miog" {rElec rC- Int+6 Dex+6}
   (You found it on level 9 of the Dungeon)

   [ring of intelligence]

   Int:       It affects your intelligence (+6).
   Dex:       It affects your dexterity (+6).
   rC:        It makes you vulnerable to cold.
   rElec:     It insulates you from electricity.
 W - a ring of resist corrosion
 Y - an amulet of reflection
Wands
 n - a wand of quicksilver (4)
 x - a wand of charming (22)
 D - a wand of iceblast (10)
 G - a wand of digging (5)
Scrolls
 f - 2 scrolls of torment
 g - 3 scrolls of silence
 h - 3 scrolls of vulnerability
 v - 8 scrolls of blinking
 B - 21 scrolls of teleportation
 J - 2 scrolls of fear
 K - 5 scrolls of enchant armour
 T - 4 scrolls of poison
 U - 5 scrolls of magic mapping
 Z - 2 scrolls of butterflies
Potions
 d - 7 potions of flight
 k - 5 potions of attraction
 m - 6 potions of ambrosia
 q - 20 potions of curing
 r - 4 potions of invisibility
 s - 6 potions of heal wounds
 t - 5 potions of might
 u - 3 potions of haste
 z - 7 potions of cancellation
 N - 4 potions of resistance
 S - 6 potions of magic
Miscellaneous
 o - a phantom mirror
 I - a condenser vane
 X - a lightning rod (4/4)


   Skills:
 - Level 20.6 Fighting
 - Level 20.0 Axes
 + Level 7.4 Armour
 + Level 4.0 Dodging
 - Level 3.2 Unarmed Combat
 + Level 4.1 Invocations


You had 16 spell levels left.
You didn't know any spells.
Your spell library contained the following spells:

 Spells                   Type           Power      Damage    Failure   Level
 Scorch                   Fire           0%         2d5       98%         2
 Dazzling Flash           Conj/Hex       0%         N/A       100%        3
 Gell's Gravitas          Tloc           0%         N/A       100%        3
 Ignite Poison            Fire/Tmut/Pois 0%         N/A       100%        3
 Mephitic Cloud           Conj/Pois/Air  0%         N/A       100%        3
 Ozocubu's Armour         Ice            0%         N/A       100%        3
 Teleport Other           Tloc           0%         N/A       100%        3
 Flame Wave               Conj/Fire      0%         2d4       100%        4
 Iskenderun's Mystic Bla  Conj/Tloc      0%         2d3       100%        4
 Summon Ice Beast         Ice/Summ       0%         N/A       100%        4
 Summon Lightning Spire   Summ/Air       0%         N/A       100%        4
 Agony                    Necr           0%         N/A       100%        5
 Freezing Cloud           Conj/Ice/Air   0%         6-21      100%        5
 Metabolic Englaciation   Hex/Ice        0%         N/A       100%        5
 Silence                  Hex/Air        0%         N/A       100%        5
 Summon Mana Viper        Hex/Summ       0%         N/A       100%        5
 Dispersal                Tloc           0%         N/A       100%        6
 Simulacrum               Ice/Necr       0%         N/A       100%        6
 Starburst                Conj/Fire      0%         6d3       100%        6
 Summon Cactus Giant      Summ           0%         N/A       100%        6
 Monstrous Menagerie      Summ           0%         N/A       100%        7
 Maxwell's Capacitive Co  Air            0%         ∞         100%        8
 Beastly Appendage        Tmut           Unusable   N/A       N/A         1
 Wereblood                Tmut           Unusable   N/A       N/A         2
 Spider Form              Tmut/Pois      Unusable   N/A       N/A         3
 Storm Form               Tmut/Air       Unusable   N/A       N/A         7

Dungeon Overview and Level Annotations

Branches:
Dungeon (15/15)            Temple (1/1) D:4            Lair (5/5) D:11
  Swamp (0/4) Lair:2       Spider (0/4) Lair:2        Slime (0/5) Lair:5
    Orc (2/2) D:10            Elf (2/3) Orc:2        Vaults (0/5) D:14
 Depths (0/4) D:15          IceCv (visited)         Volcano (visited)

Altars:
Ashenzari
Cheibriados
Dithmenos
Fedhas
Gozag
Hepliaklqana
Kikubaaqudgha
Makhleb
Nemelex Xobeh
Okawaru
Qazlal
Ru
Sif Muna
Trog
Uskayaw
Vehumet
Wu Jian
Xom
Yredelemnul

Shops:
Orc:2 =*?*

Annotations:
D:2 Sigmund
D:8 1 runed translucent door, BakedSpriggan's ghost, novice DrVM
D:9 2 runed translucent doors
D:12 3 runed translucent doors, Mocet's ghost, journeyman GnVM; Netaeli's ghost, journeyman SpVM; Ycigyrier's ghost, journeyman HOFi; corvin's ghost, journeyman DgWn
Orc:1 3 runed translucent doors, Xelitey Juot's ghost, novice MiFi
Elf:1 Zenata


Innate Abilities, Weirdness & Mutations

You are immune to poison.
You have sharp fingernails.
Your flesh is cold resistant. (rC+)
You are immune to negative energy. (rN+++)
You do not regenerate when monsters are visible.
You are immune to unholy pain and torment.
You thrive by killing the living.


Message History

The +2 short sword of holy wrath disappears in a puff of smoke!
You slice the +2 scimitar of holy wrath!!
You destroy the +2 scimitar of holy wrath!
The +2 scimitar of holy wrath disappears in a puff of smoke!
You slice the +2 mace of protection!!
You destroy the +2 mace of protection!
The +2 mace of protection disappears in a puff of smoke!
The +1 glaive of protection barely misses you.
Zenata sends weapons flying into battle!
Uskayaw will force your foes to share their pain.
You closely miss Zenata.
You closely miss the +1 dire flail of distortion.
The +1 glaive of protection misses you.
The +1 dire flail of distortion completely misses you.
You hit Zenata but do no damage.
You hit the +1 dire flail of distortion but do no damage.
You miss the +2 mace of protection.
The +2 mace of protection barely misses you.
The +1 dire flail of distortion hits you!
You blink.
The +1 glaive of protection hits you but does no damage.
Zenata points at you and mumbles some strange words.
A blast of power from the earth strikes you!
* * * LOW HITPOINT WARNING * * *
Aiming: Line Pass
Press: ? - help, Dir - move target, f - +1 glaive of protection
Aim: a +1 glaive of protection (summoned, fast)
Okay, then.
Unknown command.
The +1 glaive of protection hits you from afar!!
* * * LOW HITPOINT WARNING * * *
Aiming: Line Pass
Press: ? - help, Dir - move target The +2 mace of protection appears confused.
The +1 dire flail of distortion appears confused.
Zenata appears confused.
The +2 mace of protection closely misses the +1 dire flail of distortion.
The +1 glaive of protection hits you from afar!!
You die...

##.>>..^...
######........##
#....'..........
####..).)..........
#.......#.........#
#..####.##).......#
#§.# #.###.).....'
##'§## #.#
##......#
##?§@.###.#
###'####
#§§.a(.##.# #.#
#?...(..#.# #.#
#...(...+.. ###
#......## #.....##
##...## ##.## #+


You could see Zenata (confused) and 3 dancing weapons.

Vanquished Creatures
  Jorgrun (D:12)
  An orc warlord (Orc:2)
  A frost giant (IceCv)
  A deep elf demonologist (Elf:1)
  A dire elephant (D:15)
  A red draconian (Volcano)
  A deep elf death mage (Elf:1)
  Josephine (Lair:4)
  Harold (D:11)
  Fannar (Lair:1)
  8 vault guards (D:14)
  3 boulder beetles
  3 catoblepae (Lair:5)
  5 ogre magi
  6 hydras
  6 centaur warriors
  23 two-headed ogres
  10 death yaks
  3 dancing weapons
  A tengu warrior (D:14)
  5 deep elf knights (Elf:1)
  3 skeletal warriors (D:15)
  2 bog bodies (Lair:2)
  4 deep elf archers
  A lindwurm (Lair:3)
  An orc knight (D:15)
  12 deep elf pyromancers
  9 deep elf zephyrmancers
  5 manticores
  8 slime creatures
  10 ugly things
  A wolf spider (Lair:2)
  6 cyclopes
  2 orc sorcerers (Orc:1)
  17 elephants
  An ice statue (IceCv)
  Joseph (Lair:1)
  3 black mambas
  A torpor snail (Lair:4)
  3 gargoyles
  A black mamba (shapeshifter) (D:14)
  11 cane toads
  4 yaktaurs
  3 kobold demonologists
  An efreet (D:14)
  10 rime drakes
  4 unseen horrors
  4 komodo dragons
  2 tengu conjurers
  9 polar bears (IceCv)
  12 trolls
  A hornet (shapeshifter) (D:13)
  A hornet (D:10)
  2 dream sheep (Lair:4)
  29 blink frogs
  2 air elementals (Elf:1)
  2 jumping spiders (Lair:2)
  4 wyverns
  A shadow (D:11)
  A centaur simulacrum (D:14)
  69 yaks
  A wyvern (shapeshifter) (D:15)
  2 vampires (D:11)
  A spriggan (D:8)
  10 wraiths
  2 fire elementals (Elf:2)
  2 steam dragons
  2 basilisks
  2 wargs (Orc:1)
  2 swamp worms (Lair:2)
  An acid dragon (D:11)
  12 water moccasins
  An ice beast (D:4)
  A sky beast (D:7)
  20 orc warriors
  3 black bears
  11 centaurs
  33 ogres
  19 wolves
  6 kobold brigands
  14 bullfrogs
  A necrophage (D:6)
  2 scorpions (D:4)
  3 earth elementals
  16 wights
  9 killer bees
  An electric eel (Lair:2)
  2 howler monkeys
  14 orc priests
  3 jellies
  5 hounds
  Jessica (D:2)
  A gnoll bouda (D:8)
  3 iguanas
  Ijyb (D:3)
  23 orc wizards
  Natasha (thrice) (D:2)
  6 hell rats (Lair:2)
  9 adders
  8 gnolls
  A shadow imp (D:7)
  A white imp (D:6)
  An ufetubus (D:6)
  3 worms
  4 dart slugs
  59 orcs
  5 bats
  12 endoplasms
  3 giant cockroaches
  7 goblins
  3 hobgoblins
  A quokka (D:3)
  6 ball pythons
  2 frilled lizards (D:1)
  25 kobolds
  7 rats
742 creatures vanquished.

Vanquished Creatures (collateral kills)
  A boulder beetle (D:9)
  A cyclops (D:9)
  A manticore (D:11)
  3 polar bears (IceCv)
  A slime creature (D:9)
  A yak (IceCv)
  An acid dragon (D:9)
  A wolf (IceCv)
10 creatures vanquished.

Vanquished Creatures (others)
  Maurice (Orc:2)
  A water elemental (Elf:2)
  8 fungi
  24 plants
34 creatures vanquished.

Grand Total: 786 creatures vanquished

Notes
Turn   | Place    | Note
-------+----------+-------------------------------------------
     0 | D:1      | PurpleRed the Ghoul Berserker began the quest for the Orb.
     0 | D:1      | Reached XP level 1. HP: 19/19 MP: 0/0
   114 | D:1      | Reached skill level 1 in Axes
   114 | D:1      | Reached XP level 2. HP: 26/26 MP: 1/1
   368 | D:1      | Found a faded altar of an unknown god.
   419 | D:1      | Reached XP level 3. HP: 33/33 MP: 2/2
   992 | D:2      | Noticed Jessica
  1015 | D:2      | Killed Jessica
  1016 | D:2      | Reached XP level 4. HP: 40/40 MP: 3/3
  1148 | D:2      | Found an opulent altar of Gozag.
  1150 | D:2      | Noticed Sigmund
  1261 | D:3      | Noticed Ijyb
  1272 | D:3      | Reached ** piety under Trog
  1287 | D:3      | Killed Ijyb
  1288 | D:3      | Reached XP level 5. HP: 41/47 MP: 4/4
  1528 | D:3      | Found a hazy altar of Hepliaklqana.
  1560 | D:3      | Found a broken altar of Ashenzari.
  1841 | D:2      | Noticed Natasha
  1854 | D:2      | Killed Natasha
  2019 | D:2      | Identified a scroll of acquirement
  2019 | D:2      | Acquired the +9 storm dragon scales of Lac Anux {Fly rElec
                  | Will+ SInv}
  2072 | D:2      | Noticed Natasha
  2083 | D:2      | Killed Natasha
  2208 | D:2      | Reached XP level 6. HP: 46/55 MP: 5/5
  2278 | D:2      | Noticed Natasha
  2285 | D:2      | Killed Natasha
  2469 | D:3      | Reached skill level 5 in Fighting
  2738 | D:4      | Noticed an ice beast
  2776 | D:4      | Killed an ice beast
  2777 | D:4      | Reached skill level 5 in Axes
  2777 | D:4      | Reached XP level 7. HP: 52/61 MP: 6/6
  2855 | D:4      | Reached *** piety under Trog
  3014 | D:4      | Found a staircase to the Ecumenical Temple.
  3027 | Temple   | Entered the Ecumenical Temple
  3159 | D:4      | Found a hide-covered altar of Uskayaw.
  3741 | D:4      | Found a snail-covered altar of Cheibriados.
  3895 | D:5      | Entered Level 5 of the Dungeon
  3931 | D:5      | Found a bloodstained altar of Trog.
  3964 | D:5      | Reached XP level 8. HP: 58/71 MP: 7/7
  4204 | D:5      | Found a blossoming altar of Fedhas.
  4521 | D:6      | Identified the +8 hand axe "Lebun" {venom, Will++ Int+4}
  4582 | D:6      | Noticed a troll
  4589 | D:6      | Killed a troll
  4726 | D:6      | Reached **** piety under Trog
  5038 | D:6      | Reached XP level 9. HP: 75/79 MP: 8/8
  5370 | D:5      | Found a sparkling altar of Nemelex Xobeh.
  5370 | D:5      | Found an ancient bone altar of Kikubaaqudgha.
  5662 | D:4      | Identified the +5 sling "Bybuzyju" {freeze, rC+ Str+3}
  5942 | D:7      | Found a burning altar of Makhleb.
  6068 | D:7      | Reached skill level 5 in Armour
  6149 | D:8      | Reached XP level 10. HP: 89/90 MP: 9/9
  6472 | D:8      | Noticed BakedSpriggan's ghost (novice DrVM)
  6528 | D:8      | Found a runed translucent door.
  6969 | D:9      | Reached skill level 10 in Axes
  7044 | D:9      | Reached ***** piety under Trog
  7066 | D:9      | Found an ornate altar of the Wu Jian Council.
  7066 | D:9      | Found a stormy altar of Qazlal.
  7108 | D:9      | Found a shimmering blue altar of Sif Muna.
  7152 | D:9      | Noticed a boulder beetle
  7164 | D:9      | Killed a boulder beetle
  7186 | D:9      | Noticed a cyclops
  7191 | D:9      | Killed a cyclops
  7192 | D:9      | Reached skill level 10 in Fighting
  7206 | D:9      | Identified the +1 leather armour "Morphig" {Harm Will-
                  | Int+2 Stlth+}
  7209 | D:9      | Identified the ring "Miog" {rElec rC- Int+6 Dex+6}
  7228 | D:9      | Reached XP level 11. HP: 96/99 MP: 10/10
  7548 | D:9      | Found a runed translucent door.
  7549 | D:9      | Found a runed translucent door.
  7549 | D:9      | Noticed a seven-headed hydra
  7549 | D:9      | Noticed a centaur warrior
  7549 | D:9      | Noticed a cyclops
  7642 | D:10     | Entered Level 10 of the Dungeon
  8120 | D:10     | Found a staircase to the Orcish Mines.
  8374 | D:10     | Noticed a two-headed ogre
  8393 | D:10     | Killed a two-headed ogre
  8493 | D:11     | Noticed a manticore
  8499 | D:11     | Killed a manticore
  8525 | D:11     | Noticed Harold
  8550 | D:11     | Killed Harold
  8638 | D:11     | Found a staircase to the Lair.
  8834 | D:11     | Noticed a two-headed ogre
  8845 | D:11     | Killed a two-headed ogre
  8901 | D:11     | Noticed a two-headed ogre
  8901 | D:11     | Noticed a boulder beetle
  8934 | D:11     | Killed a boulder beetle
  8935 | D:11     | Reached XP level 12. HP: 98/112 MP: 11/11
  8940 | D:11     | Killed a two-headed ogre
  9224 | D:11     | Noticed a six-headed hydra
  9236 | D:11     | Killed a nine-headed hydra
  9698 | D:12     | Noticed a two-headed ogre
  9709 | D:12     | Killed a two-headed ogre
  9739 | D:12     | Found a runed translucent gate.
  9794 | D:12     | Noticed Jorgrun
  9803 | D:12     | Killed Jorgrun
  9841 | D:12     | Found a runed translucent gate.
  9841 | D:12     | Found a runed translucent gate.
  9844 | D:12     | Noticed Ycigyrier's ghost (journeyman HOFi)
  9844 | D:12     | Noticed Netaeli's ghost (journeyman SpVM)
  9845 | D:12     | Noticed Mocet's ghost (journeyman GnVM)
  9845 | D:12     | Noticed corvin's ghost (journeyman DgWn)
 10028 | D:12     | Reached skill level 15 in Axes
 10279 | D:13     | Reached XP level 13. HP: 114/122 MP: 12/12
 11327 | Lair:1   | Entered Level 1 of the Lair of Beasts
 11327 | Lair:1   | Noticed Joseph
 11390 | D:11     | Reached ****** piety under Trog
 11410 | Lair:1   | Killed Joseph
 11666 | Lair:1   | Noticed Fannar
 11701 | Lair:1   | Killed Fannar
 12069 | Lair:2   | Found a frozen archway.
 12078 | Lair:2   | Received a gift from Trog
 12086 | IceCv    | Entered an ice cave
 12477 | IceCv    | Reached XP level 14. HP: 27/133 MP: 13/13
 12746 | IceCv    | Noticed a frost giant
 12764 | IceCv    | Reached skill level 15 in Fighting
 12801 | IceCv    | Killed a frost giant
 13170 | Lair:2   | Received a gift from Trog
 13672 | Lair:2   | Found a hole to the Spider Nest.
 13917 | Lair:2   | Found a staircase to the Swamp.
 15139 | Lair:4   | You are sucked into a shaft and drop 1 floor!
 15139 | Lair:5   | Entered Level 5 of the Lair of Beasts
 15241 | Lair:5   | Found a radiant altar of Vehumet.
 15390 | Lair:4   | Noticed Josephine
 15402 | Lair:4   | Killed Josephine
 15453 | Lair:4   | Found a dark tunnel.
 15465 | Lair:4   | Received a gift from Trog
 15466 | Lair:4   | Reached XP level 15. HP: 139/144 MP: 14/14
 15483 | Volcano  | Entered a volcano
 15504 | Volcano  | Found a burning altar of Makhleb.
 15989 | Lair:4   | Acquired the ring of Asiery {MP+9 Str+3 Dex+4 Slay+3}
 16078 | Lair:5   | Found a staircase to the Slime Pits.
 16663 | Lair:5   | Found the +5 demon whip "Spellbinder" {antimagic, Will+}
 17226 | D:14     | Found a gate to the Vaults.
 17460 | D:14     | Received a gift from Trog
 17469 | D:14     | Reached XP level 16. HP: 157/157 MP: 15/15
 17924 | D:15     | Entered Level 15 of the Dungeon
 18470 | D:15     | Found a staircase to the Depths.
 18720 | Orc:1    | Entered Level 1 of the Orcish Mines
 18788 | Orc:1    | Found a runed translucent gate.
 18789 | Orc:1    | Found a runed translucent gate.
 18790 | Orc:1    | Found a runed translucent gate.
 18792 | Orc:1    | Noticed Xelitey Juot's ghost (novice MiFi)
 18845 | Orc:1    | Found a radiant altar of Vehumet.
 19127 | Orc:2    | Entered Level 2 of the Orcish Mines
 19132 | Orc:2    | Received a gift from Trog
 19143 | Orc:2    | Found a staircase to the Elven Halls.
 19254 | Orc:2    | Noticed Maurice
 19263 | Orc:2    | Your ally Maurice died
 19309 | Orc:2    | Received a gift from Trog
 19313 | Orc:2    | Found Niutonimn's General Store.
 19313 | Orc:2    | Found Gima's Magic Scroll Boutique.
 19314 | Orc:2    | Found Zineusur's General Store.
 19314 | Orc:2    | Found Kitiotek's Jewellery Shoppe.
 19469 | Orc:2    | Bought a +0 pair of gloves of strength for 149 gold pieces
 19597 | Orc:2    | Bought a scroll of teleportation for 45 gold pieces
 19597 | Orc:2    | Bought a scroll of teleportation for 45 gold pieces
 19597 | Orc:2    | Bought a scroll of teleportation for 45 gold pieces
 19597 | Orc:2    | Bought a scroll of teleportation for 45 gold pieces
 19597 | Orc:2    | Bought a scroll of teleportation for 45 gold pieces
 19597 | Orc:2    | Bought a scroll of teleportation for 45 gold pieces
 19818 | D:4      | Fell from the grace of Trog
 19818 | D:4      | Became a worshipper of Uskayaw the Reveller
 20013 | Elf:1    | Entered Level 1 of the Elven Halls
 20017 | Elf:1    | Reached * piety under Uskayaw
 20019 | Elf:1    | Reached ** piety under Uskayaw
 20026 | Elf:1    | Reached *** piety under Uskayaw
 20027 | Elf:1    | Reached **** piety under Uskayaw
 20036 | Elf:1    | Reached ***** piety under Uskayaw
 20191 | Elf:1    | Paralysed by an air elemental for 1 turns
 20204 | Elf:2    | Reached skill level 1 in Invocations
 20306 | Elf:2    | Found a flickering gateway to a bazaar.
 20314 | Bazaar   | Entered a bazaar
 20314 | Bazaar   | Found Roozeck's Assorted Antiques.
 20314 | Bazaar   | Found Lauk's Assorted Antiques.
 20314 | Bazaar   | Found Qixtueb's General Store.
 20328 | Bazaar   | Bought 2 potions of invisibility for 384 gold pieces
 20330 | Bazaar   | Bought a scroll of teleportation for 75 gold pieces
 20330 | Bazaar   | Bought a scroll of blinking for 187 gold pieces
 20646 | Elf:1    | Reached XP level 17. HP: 171/172 MP: 17/17
 20888 | Elf:1    | Noticed an Ice Fiend
 20908 | Elf:1    | Paralysed by an air elemental for 1 turns
 21075 | Elf:1    | Noticed Zenata
 21087 | Elf:1    | Slain by a +1 glaive of protection

Illustrated notes

Levels and vault maps discovered:
D:1:      spicycebolla_green_bress_n_ham_2, layout_basic,
          ebering_ecumenical_altar_webs, minmay_pentomino_o4
D:2:      layout_basic, basic_altar, uniq_natasha, uniq_jessica, uniq_sigmund
D:3:      minmay_evil_eye, layout_basic, nzn_hepliaklqana_mist_gate,
          cheibrodos_ashenzari_chains, nicolae_elyvilon_temple_path,
          minmay_starry_boxes, uniq_ijyb
D:4:      layout_basic, slow_altar_1, mainiacjoe_overflow_surrounded_room,
          minmay_temple_entry_glassed_door, due_unseen_surprise
D:5:      layout_rooms, fedhas_ov_isle_minmay, mainiacjoe_overflow_brackets,
          nicolae_overflow_hidden_temple
D:6:      layout_basic
D:7:      layout_rooms, mainiacjoe_overflow_chevrons
D:8:      layout_cave_pods, lemuel_doored_altar, hellmonk_ghost_happy_afterlife,
          minivault_11, ebering_dispersal_statue_hall, minmay_misc_feat_plants,
          the_hattery
D:9:      minmay_the_grid_four_pointed_star
          [minmay_the_grid_triangle_9x9_warning,
          minmay_the_grid_triangle_9x9_tough_junction,
          minmay_the_grid_triangle_9x9_swiss_cheese,
          minmay_the_grid_triangle_9x9_zippers_horizontal,
          minmay_the_grid_prize_diamond_cup], layout_rooms,
          gammafunk_temple_overflow_elements, mainiacjoe_overflow_cross_hatched
D:10:     layout_loops_ring, david_orc_4, minmay_fractal_squares_gapless_5
D:11:     kennysheep_windowed_halls, layout_loops_ring, david_lair_shrubbed,
          uniq_harold
D:12:     layout_basic, gammafunk_ghost_cemetery, uniq_jorgrun
D:13:     layout_basic
D:14:     layout_cave_pods, erik_vaults_2
D:15:     hangedman_depths_entry_try_elsewhere_first, layout_cave_pools,
          hex_medium
Temple:   hellmonk_temple_beads
Lair:1:   layout_loops_ring, beast_lair_carwin_11, grunt_megastairs_3,
          uniq_joseph, uniq_fannar
Lair:2:   layout_cave_pods, nicolae_swamp_entry_splash_gauntlet,
          spider_nest_entry_funnel_web, portal_ice_cave_rime,
          infiniplex_staircase_pool, serial_bayou_shore_b
Lair:3:   layout_cave_pods
Lair:4:   layout_hall_layers, enter_volcano_2, st_stairs_8, uniq_josephine
Lair:5:   evilmike_catoblepas_cave, layout_gridlike, dpeg_slime_entry_corner,
          basic_altar, infiniplex_staircase_pool_2
Orc:1:    layout_diamond_mine, ebering_ghost_rock_garden, basic_altar,
          nicolae_orc_damp_corner
Orc:2:    st_orc_ogre_mass, layout_diamond_mine, uniq_maurice
Elf:1:    minmay_elf_arrival_plus, layout_gridlike, hangedman_elf_represent,
          uniq_zenata
Elf:2:    nicolae_elf_blades_splatter_lattice
          [nicolae_vaults_blade_armed_guards], layout_loops_cross, serial_shops,
          bzr_entry_road

Skill      XL: |  1  2  3  4  5  6  7  8  9 10 11 12 13 14 15 16 17 |
---------------+----------------------------------------------------+-----
Axes           | 1 2 3 4 5 6 7 9 11 13 15 16 18 20 | 20.0
Fighting       | 4 5 6 7 8 10 11 13 14 16 17 20 | 20.6
Armour         | 2 3 5 6 7 |  7.4
Dodging        | 2 4 |  4.0
Invocations    | 2 4 |  4.1
Unarmed Combat | |  3.2

Action                   |  1- 3 |  4- 6 |  7- 9 | 10-12 | 13-15 | 16-18 || total
-------------------------+-------+-------+-------+-------+-------+-------++-------
Melee: Unarmed           |    57 |    36 |       |       |       |       ||    93
       Mace              |       |    52 |       |       |       |       ||    52
       War axe           |       |    38 |   154 |       |       |       ||   192
       Punch             |       |     1 |     6 |    15 |    25 |       ||    47
       Hand axe          |       |       |   141 |   516 |   677 |       ||  1334
       Demon whip        |       |       |       |       |    18 |       ||    18
       Battleaxe         |       |       |       |       |   371 |   462 ||   833
       Broad axe         |       |       |       |       |     7 |     5 ||    12
Throw: Boomerang         |       |     1 |     2 |       |       |       ||     3
       Dart              |       |     4 |     3 |     4 |     2 |     2 ||    15
Invok: Brothers in Arms  |       |       |       |     2 |     1 |       ||     3
       Stomp             |       |       |       |       |       |     7 ||     7
       Line Pass         |       |       |       |       |       |     3 ||     3
Evoke: Wand              |       |       |     1 |       |       |     1 ||     2
       Lightning rod     |       |       |       |     1 |       |       ||     1
  Use: Scroll            |     3 |    11 |    12 |     5 |    10 |     5 ||    46
       Potion            |       |       |       |       |     1 |       ||     1
 Stab: Paralysed         |       |       |       |       |       |    14 ||    14
       Distracted        |       |       |       |       |       |     1 ||     1
       Confused          |       |       |       |       |       |     1 ||     1
Armor: Animal skin       |     2 |       |       |       |       |       ||     2
       Leather armour    |     2 |    16 |       |       |       |       ||    18
       Ring mail         |       |    22 |       |       |       |       ||    22
       Storm dragon scal |       |    18 |   118 |   162 |   411 |   183 ||   892
Dodge: Dodged            |    35 |    98 |   155 |   305 |   697 |   307 ||  1597

Table legend: (Time is in decaauts)
 A = Elapsed time spent in this place.
 B = Non-inter-level travel time spent in this place.
 C = Inter-level travel time spent in this place.
 D = Time resting spent in this place.
 E = Time spent auto-exploring this place.
 F = Levels seen in this place.
 G = Mean time per level.
                   A        B        C        D        E       F      G
               +--------+--------+--------+--------+--------+-----+--------+
         Total |  20473 |  18814 |   1659 |    464 |  11666 |  28 |  731.2 |
       Dungeon |  13145 |  11696 |   1449 |    370 |   7330 |  15 |  876.3 |
        Temple |    113 |    113 |      0 |      0 |     95 |   1 |  113.0 |
          Lair |   4236 |   4094 |    142 |      0 |   2852 |   5 |  847.2 |
  Orcish Mines |    911 |    845 |     66 |      0 |    541 |   2 |  455.5 |
   Elven Halls |   1009 |   1009 |      0 |      0 |    608 |   2 |  504.5 |
        Bazaar |     23 |     23 |      0 |      0 |      0 |   1 |   23.0 |
      Ice Cave |    866 |    866 |      0 |     84 |    240 |   1 |  866.0 |
       Volcano |    165 |    165 |      0 |     10 |      0 |   1 |  165.0 |
               +--------+--------+--------+--------+--------+-----+--------+

Top non-repeatable levels by time:
     D:4: 1343 daAuts
    D:11: 1215 daAuts
     D:2: 1149 daAuts
  Lair:2: 1036 daAuts
  Lair:3: 1028 daAuts
     D:6: 990 daAuts
  Lair:5: 978 daAuts
    D:14: 959 daAuts
    D:10: 958 daAuts
     D:3: 902 daAuts
   IceCv: 866 daAuts
    D:13: 842 daAuts
     D:8: 841 daAuts
     D:9: 777 daAuts
    D:12: 737 daAuts
